 Dungeon Crawl Stone Soup version 0.29-a0-333-gb4c28e87c6 (webtiles) character file.

Game seed: 12177207851255222034

9 Jortsu the Skirmisher (level 2, 24/24 HPs)
             Began as a Demonspawn Fighter on Apr 13, 2022.
             Quit the game on level 1 of the Dungeon.
             The game lasted 00:00:23 (146 turns).

Jortsu the Skirmisher (Demonspawn Fighter)           Turns: 146, Time: 00:00:24

Health: 24/24      AC:  6    Str: 16    XL:     2   Next: 3%
Magic:  2/2        EV:  8    Int:  9    God:
Gold:   37         SH:  4    Dex: 12    Spells: 1/1 levels left

rFire   . . .      SeeInvis .   a - +0 war axe
rCold   + . .      Faith    .   c - +0 buckler
rNeg    . . .      Spirit   .   b - +0 scale mail
rPois   .          Reflect  .   (no helmet)
rElec   .          Harm     .   (no cloak)
rCorr   .          Rampage  .   (no gloves)
Will    .....                   (no boots)
Stlth   ..........              (no amulet)
HPRegen 0.08/turn               f - ring of protection from cold
MPRegen 0.16/turn               (no ring)

@: no status effects
A: magic regeneration
a: no special abilities


You were on level 1 of the Dungeon.
You visited 1 branch of the dungeon, and saw 1 of its levels.

You collected 37 gold pieces.

Inventory:

Hand Weapons
 a - a +0 war axe (weapon)
Armour
 b - a +0 scale mail (worn)
 c - a +0 buckler (worn)
Jewellery
 f - a ring of protection from cold (left hand)
Potions
 d - a potion of might
 e - a potion of attraction {unknown}


   Skills:
 + Level 3.2 Fighting
 + Level 1.9 Axes
 + Level 2.8 Armour
 + Level 2.8 Shields


You had one spell level left.
You didn't know any spells.
Your spell library was empty.

Dungeon Overview and Level Annotations

Branches:
Dungeon (1/15)

Altars:


Innate Abilities, Weirdness & Mutations

You regenerate magic rapidly.


Message History

You see here a giant cockroach corpse.
HP restored.
You now have 10 gold pieces (gained 2).
You open the large door.
There is a large open door here.
A bat and a kobold come into view.
Found 13 gold pieces.
There is a large open door here.
The bat hits you.
A bat comes into view.
The bat barely misses you.
You see here 13 gold pieces.
You now have 23 gold pieces (gained 13).
The bat misses you.
You slash the bat!
You kill the bat!
You miss the bat. The bat barely misses you.
The bat hits you but does no damage.
You slash the bat!
You kill the bat!
The kobold hits you but does no damage.
You slash the kobold!
You kill the kobold!
Found 14 gold pieces.
Things that are here:
a +0 short sword; a kobold corpse A bat comes into view.
Found 18 stones.
You block the bat's attack.
You slash the bat!
You kill the bat!
A quokka comes into view.
Found a scroll labelled BUQ REOCRYTOBU.
You barely miss the quokka. The quokka bites you. The quokka barely misses you.
You slash the quokka!
You kill the quokka!
You have reached level 2!
Your demonic ancestry asserts itself...
Your magic begins to regenerate rapidly.
You now have 37 gold pieces (gained 14).
Are you sure you want to abandon this character and quit the game? (Confirm with "yes".)

########'#######...
#....†..)........# ..#.
..................# ...#
....##.##.........#.....
... #.. ##........#.....
. ##. ##.......(....# ..
##.........##. ..
##........?.. #..
##..@.....# ##.......#
##......# ##.....#
....... ##..... .#### .#


There were no monsters in sight!

Vanquished Creatures
  A giant cockroach (D:1)
  2 hobgoblins (D:1)
  A quokka (D:1)
  3 bats (D:1)
  A kobold (D:1)
8 creatures vanquished.

Notes
Turn   | Place    | Note
-------+----------+-------------------------------------------
     0 | D:1      | Jortsu the Demonspawn Fighter began the quest for the Orb.
     0 | D:1      | Reached XP level 1. HP: 18/18 MP: 1/1
   144 | D:1      | Gained mutation: You regenerate magic rapidly. [demonic
                  | ancestry]
   144 | D:1      | Reached XP level 2. HP: 23/24 MP: 2/2
   146 | D:1      | Quit the game

Illustrated notes

Levels and vault maps discovered:
D:1:      psy_arrival_whirlpool, layout_basic, ebering_ecumenical_altar_hall,
          minmay_misc_feat_chi, kennysheep_another_room,
          nicolae_figureground_sparkle

Action                   || total
-------------------------++-------
Melee: War axe           ||    13
Armor: Scale mail        ||     5
Dodge: Dodged            ||     7
Block: Buckler           ||     2

Table legend: (Time is in decaauts)
 A = Elapsed time spent in this place.
 B = Non-inter-level travel time spent in this place.
 C = Inter-level travel time spent in this place.
 D = Time resting spent in this place.
 E = Time spent auto-exploring this place.
 F = Levels seen in this place.
 G = Mean time per level.
                   A        B        C        D        E       F      G
               +--------+--------+--------+--------+--------+-----+--------+
         Total |    152 |    152 |      0 |      0 |    107 |   1 |  152.0 |
       Dungeon |    152 |    152 |      0 |      0 |    107 |   1 |  152.0 |
               +--------+--------+--------+--------+--------+-----+--------+

Top non-repeatable levels by time:
     D:1: 152 daAuts
